 Dungeon Crawl Stone Soup version 0.20.1-1-g8b1a95d (console) character file.

14239 vuolankoinen the Covert (level 12, -3/76 HPs)
             Began as an Octopode Wizard on Nov 22, 2017.
             Was a High Priest of Hepliaklqana.
             Slain by a centaur (10 damage)
             ... in a volcano.
             The game lasted 01:11:23 (13354 turns).

vuolankoinen the Covert (Octopode Wizard)          Turns: 13354, Time: 01:11:24

Health: -3/76      AC:  3    Str: 12    XL:     12   Next: 14%
Magic:  22/22      EV: 16    Int: 24    God:    Hepliaklqana [*****.]
Gold:   643        SH:  0    Dex: 10    Spells: 4/25 levels left

rFire    + . .     SeeInvis .   E - +7 rapier {pain, rF+ MR+ Str+4}
rCold    . . .     Gourm    .   (no shield)
rNeg     . . .     Faith    .   M - +2 hat {MR+}
rPois    .         Spirit   .   k - amulet of magic regeneration
rElec    .         Reflect  .   d - +1 ring of evasion
rCorr    +         Harm     .   j - ring of resist corrosion
MR       ++...                  C - +3 ring of slaying
Stlth    ++++......             m - ring of stealth
Regen    0.3/turn               F - ring of wizardry
MPRegen  0.3/turn               (no ring)
                                (no ring)
                                (no ring)

@: confused
A: almost no armour, stealthy swim, amphibious, 8 rings, constrict 8, reduced
essence, camouflage 1, gelatinous body 1
a: Recall Ancestor, Ancestor Identity, Transference, Idealise, Renounce Religion


You were in a volcano.
You worshipped Hepliaklqana.
Hepliaklqana was extremely pleased with you.
You were not hungry.

You visited 3 branches of the dungeon, and saw 13 of its levels.
You also visited: Volcano.

You collected 643 gold pieces.

Inventory:

Hand Weapons
 e - a +0 short sword
 E - the +7 rapier "Ruityopi" (weapon) {pain, rF+ MR+ Str+4}
   (You found it on level 9 of the Dungeon)

   In the hands of one skilled in necromantic magic, it inflicts extra damage on
   living creatures.
   It affects your strength (+4).
   It protects you from fire.
   It affects your resistance to hostile enchantments.
 H - a +2 rapier of protection
 L - a +2 blowgun
 N - a +0 dagger of distortion
Missiles
 O - 4 curare-tipped needles
 U - 7 javelins of penetration (quivered)
Armour
 a - a +0 hat
 M - a +2 hat of magic resistance (worn)
Jewellery
 d - a +1 ring of evasion (left tentacle)
 j - a ring of resist corrosion (right tentacle)
 k - an amulet of magic regeneration (around mantle)
 m - a ring of stealth (on tentacle)
 C - a +3 ring of slaying (on tentacle)
 F - a ring of wizardry (on tentacle)
Wands
 D - a wand of iceblast (8/15)
 K - a wand of flame (32/48)
 R - a wand of polymorph (9/24)
Scrolls
 g - a scroll of amnesia
 l - 3 scrolls of teleportation
 n - a scroll of enchant armour
 p - 3 scrolls of remove curse
 q - 3 scrolls of noise
 u - a scroll of vulnerability {unknown}
 v - 4 scrolls of immolation {unknown}
 w - 3 scrolls of fog {unknown}
 x - 2 scrolls of summoning
 y - a scroll of recharging {unknown}
 J - a scroll of torment
 Q - 2 scrolls of identify
 S - a scroll of enchant weapon {unknown}
Potions
 r - 2 potions of flight
 s - a potion of haste
 z - 3 potions of brilliance
 A - 4 potions of might
 B - a potion of mutation
 G - a potion of cancellation
Comestibles
 c - 5 bread rations
 f - 4 meat rations
 i - 11 royal jellies
 t - 18 fruits


   Skills:
 * Level 9.2 Fighting
 + Level 8.5 Short Blades
 + Level 6.2 Dodging
 + Level 13.0 Stealth
 + Level 7.2 Spellcasting
 + Level 4.8 Conjurations
 + Level 0.4 Charms
 - Level 1.0 Summonings
 * Level 2.2 Necromancy
 - Level 1.0 Translocations
 + Level 0.6 Fire Magic
 + Level 2.1 Ice Magic
 + Level 2.0 Air Magic
 - Level 1.0 Poison Magic
 + Level 1.2 Evocations


You had 4 spell levels left.
You knew the following spells:

 Your Spells              Type           Power        Failure   Level  Hunger
a - Magic Dart            Conj           ####         1%          1    None
b - Blink                 Tloc           N/A          2%          2    None
c - Call Imp              Summ           ##......     2%          2    None
d - Mephitic Cloud        Conj/Pois/Air  ###.....     2%          3    None
e - Conjure Flame         Conj/Fire      ###.....     2%          3    None
f - Ozocubu's Armour      Chrm/Ice       ##......     4%          3    None
g - Throw Icicle          Conj/Ice       ####....     7%          4    ###....
h - Regeneration          Chrm/Necr      ##........   4%          3    None


Dungeon Overview and Level Annotations

Branches:
Dungeon (9/15)             Temple (1/1) D:5            Lair (3/6) D:8
  Snake (0/4) Lair:3
  Swamp: Lair:2-4    Shoals: Lair:2-4       Orc: D:9-12

Altars:
Ashenzari
Cheibriados
Dithmenos
Elyvilon
Fedhas
Gozag
Hepliaklqana
Makhleb
Nemelex Xobeh
Okawaru
Qazlal
Ru
Sif Muna
Trog
Uskayaw
Vehumet
Xom
Yredelemnul
Zin
The Shining One

Annotations:
D:9 Thaneod's ghost, novice MiGl
Lair:1 exclusion: spiny frog
Lair:2 exclusions: black mamba, 2 blink frogs and rime drake
Lair:3 pino 1


Innate Abilities, Weirdness & Mutations

You cannot wear most types of armour.
You are very stealthy in the water. (Stealth+)
You are amphibious.
You can wear up to eight rings at the same time.
You can use your tentacles to constrict eight enemies at once.
Your skin changes colour to match your surroundings (Stealth+).
Your rubbery body absorbs attacks. (AC +1, EV +1)
Your life essence is reduced to manifest your ancestor. (-10% HP)


Message History

The centaur unwields an uncursed shortbow of flaming.
It stops flaming.
The centaur closely misses you.
You are confused.
You feel invigorated. The centaur hits you!
* * * LOW HITPOINT WARNING * * *
The centaur closely misses you.
Octavia hits the centaur with a dagger of draining!
The centaur hits Octavia.
The centaur barely misses you. The centaur hits you.
* * * LOW HITPOINT WARNING * * *
The centaur hits you.
* * * LOW HITPOINT WARNING * * *
Octavia points at the centaur and mumbles some strange words.
The centaur seems to slow down.
Okay, then.
Unknown command.
You bump into the granite statue.
The centaur hits you but does no damage.
The centaur hits you!
You die...

≈§§§≈§§§§§§§≈§§§§§§≈≈≈≈≈§≈≈§§≈≈§≈
≈§§≈≈≈§§§§§§§§§§§≈§≈§≈§≈≈≈≈§≈§≈≈§
≈§≈§≈§≈≈≈≈§≈§§§≈≈≈≈§≈≈≈ §≈§§≈≈≈≈≈
≈§≈§≈≈≈≈≈≈§§§§§≈ ≈§§≈≈§§§
≈§≈§≈§≈≈≈≈§§§§§≈ §§≈
≈≈§≈≈≈≈≈≈§≈≈≈≈≈§ ≈
§≈≈≈≈≈≈..§§..... .§§≈≈§§
§§≈≈§≈≈.############ #.§≈≈§
§§≈≈§≈§§# +..§..+ #.≈≈≈≈≈≈
≈≈§§§§§§# #.8R8.# #.§≈≈§§§§
§§§≈§§§.# #.c@c.# #.≈≈≈≈≈≈≈
≈≈≈§§§≈.###++###'###++###.≈≈≈≈≈§≈
≈≈≈§§§≈.#......#.#......#.≈≈≈≈≈≈§
≈≈≈≈≈§≈.######.#.# #.≈≈≈≈≈§§
≈≈≈§≈§≈.# #.# #.≈≈≈≈≈§§ ≈§≈≈§≈≈.#
#.# #.≈≈≈§≈≈§ ≈≈≈≈≈≈≈.# #.#
#.≈§≈≈§≈≈ ≈≈§§≈≈≈.# #.# #.≈≈§≈§≈≈
§§§≈§≈≈§########+########§§§§≈§≈≈
§§§≈≈≈≈≈.......§..§§.....≈§§§≈...
≈≈≈§≈≈≈§§§§§§≈≈≈≈≈§§≈≈≈≈§§≈≈§.≈≈§


You could see the friendly Octavia the hexer and 2 centaurs.

Vanquished Creatures
  Gastronok (D:8)
  A centaur warrior (Volcano)
  Sonja (Lair:1)
  A lindwurm (Lair:3)
  A rime drake (Lair:1)
  2 spiny frogs
  A queen bee (D:9)
  A hippogriff (Lair:2)
  A wyvern (D:8)
  3 basilisks
  7 yaks
  A fire bat (Volcano)
  Menkaure (D:5)
  A steam dragon (D:8)
  3 water moccasins
  2 ice beasts
  8 porcupines
  3 sky beasts
  4 black bears (D:8)
  A phantom (D:4)
  14 wolves
  4 ogres
  2 centaurs
  8 crocodiles
  A big kobold (D:5)
  10 bullfrogs
  3 scorpions
  11 killer bees
  A howler monkey (D:8)
  5 crimson imps
  2 bullfrog zombies
  A quasit (D:8)
  4 lava snakes (Volcano)
  Crazy Yiuf (D:5)
  A jelly (D:9)
  An orc priest (D:4)
  2 bullfrog skeletons
  3 hounds
  An orc wizard (D:6)
  2 iguanas
  3 worker ants
  A hound zombie (D:7)
  3 gnolls (D:7)
  6 adders
  An ooze (D:2)
  An adder skeleton (D:8)
  2 worms
  2 leopard geckos
  10 orcs
  2 ball pythons (D:3)
  6 giant cockroaches
  4 goblins
  4 hobgoblins
  11 jackals
  8 kobolds
  2 quokkas
  5 bats
  2 frilled lizards
  5 rats
  A fungus (D:5)
200 creatures vanquished.

Vanquished Creatures (collateral kills)
  Urug (Lair:3)
  A hippogriff (D:9)
  A yak (Lair:1)
  Grum (D:8)
  A porcupine (Lair:1)
  An ice beast (D:7)
  An ogre (D:6)
  A wolf (Lair:1)
  A crocodile (D:8)
  2 killer bees (D:9)
  A lava snake (Volcano)
  3 crimson imps
  An orc priest (D:6)
  Jessica (D:3)
  An iguana (D:7)
  2 worker ants (D:5)
  A hound skeleton (D:4)
  An adder (D:5)
  3 worms
  A leopard gecko (D:3)
  An orc (D:6)
  A giant cockroach (D:3)
  2 hobgoblins (D:3)
  A jackal (D:5)
  A frilled lizard (D:2)
  2 kobolds (D:5)
  A leopard gecko skeleton (D:3)
  A fungus (D:8)
36 creatures vanquished.

Vanquished Creatures (others)
  A howler monkey (D:9)
  9 hexers
  6 kobolds (D:9)
  2 fungi
  7 plants
25 creatures vanquished.

Grand Total: 261 creatures vanquished

Notes
Turn   | Place    | Note
-------+----------+-------------------------------------------
     0 | D:1      | vuolankoinen the Octopode Wizard began the quest for the Orb.
     0 | D:1      | Reached XP level 1. HP: 11/11 MP: 4/4
   241 | D:1      | Reached XP level 2. HP: 17/17 MP: 0/6
   386 | D:1      | Reached skill level 3 in Stealth
   593 | D:2      | Reached skill level 1 in Fighting
   627 | D:2      | Learned a level 2 spell: Blink
   630 | D:2      | Learned a level 2 spell: Call Imp
   673 | D:2      | Reached XP level 3. HP: 21/23 MP: 5/7
  1545 | D:2      | Found a faded altar of an unknown god.
  1551 | D:2      | Became a worshipper of Hepliaklqana the Forgotten
  1551 | D:2      | Reached * piety under Hepliaklqana
  1637 | D:2      | Reached XP level 4. HP: 19/26 MP: 9/9
  1778 | D:3      | Learned a level 3 spell: Mephitic Cloud
  2057 | D:3      | Noticed Jessica
  2093 | D:3      | Killed Jessica
  2093 | D:3      | Reached skill level 4 in Stealth
  2350 | D:3      | Reached XP level 5. HP: 24/30 MP: 10/10
  2355 | D:3      | Learned a level 3 spell: Conjure Flame
  2759 | D:4      | Noticed a phantom
  2788 | D:4      | Reached skill level 1 in Short Blades
  2800 | D:4      | Killed a phantom
  2843 | D:4      | Reached XP level 6. HP: 18/36 MP: 8/11
  2927 | D:4      | Reached skill level 5 in Stealth
  2943 | D:4      | Reached ** piety under Hepliaklqana
  2944 | D:4      | Remembered your ancestor Octavia as a hexer
  3508 | D:4      | Reached skill level 6 in Stealth
  3512 | D:4      | Found a basalt altar of Yredelemnul.
  3540 | D:5      | Entered Level 5 of the Dungeon
  3555 | D:5      | Reached XP level 7. HP: 33/40 MP: 12/12
  3631 | D:5      | Noticed Menkaure
  3765 | D:5      | Found a staircase to the Ecumenical Temple.
  3775 | D:5      | Reached skill level 7 in Stealth
  4427 | D:6      | Reached skill level 1 in Air Magic
  4427 | D:6      | Reached XP level 8. HP: 41/48 MP: 14/14
  4462 | D:6      | Reached skill level 8 in Stealth
  4470 | D:6      | Reached *** piety under Hepliaklqana
  4756 | D:6      | Found a blossoming altar of Fedhas.
  5459 | D:7      | Reached skill level 9 in Stealth
  5638 | D:7      | Reached skill level 5 in Fighting
  5638 | D:7      | Reached XP level 9. HP: 19/54 MP: 6/15
  6085 | D:8      | Reached **** piety under Hepliaklqana
  6252 | D:8      | Found a staircase to the Lair.
  6262 | D:8      | Noticed Grum
  6349 | D:9      | Noticed Thaneod's ghost (novice MiGl)
  6368 | D:9      | Found a hide-covered altar of Uskayaw.
  6371 | D:9      | Noticed a dagger
  6372 | D:9      | Noticed a hand axe
  6380 | D:9      | Got a dazzling rapier
  6395 | D:8      | Identified the +7 rapier "Ruityopi" {pain, rF+ MR+ Str+4} (You found it on level 9 of the Dungeon)
  6800 | D:9      | Found a radiant altar of Vehumet.
  6882 | D:8      | Reached skill level 10 in Stealth
  6882 | D:8      | Reached skill level 5 in Spellcasting
  6887 | D:8      | Reached skill level 5 in Short Blades
  6887 | D:8      | Reached skill level 1 in Poison Magic
  6964 | D:8      | Noticed Gastronok
  7521 | D:8      | Killed Gastronok
  7521 | D:8      | Reached skill level 5 in Dodging
  7521 | D:8      | Reached skill level 11 in Stealth
  7521 | D:8      | Reached XP level 10. HP: 62/62 MP: 9/19
  7647 | D:8      | Killed Grum
  8392 | D:5      | Killed Menkaure
  8588 | D:5      | Found a runed door.
  8592 | D:5      | Noticed Crazy Yiuf
  8596 | D:5      | Killed Crazy Yiuf
  8777 | Temple   | Entered the Ecumenical Temple
  9054 | Lair:1   | Entered Level 1 of the Lair of Beasts
  9068 | Lair:1   | HP: 2/63 [wolf (10)]
  9085 | Lair:1   | Reached XP level 11. HP: 39/68 MP: 18/21
  9795 | D:9      | Reached skill level 12 in Stealth
 10470 | D:8      | Learned a level 3 spell: Ozocubu's Armour
 10475 | D:8      | Learned a level 4 spell: Throw Icicle
 11254 | Lair:1   | Noticed Sonja
 11271 | Lair:1   | Reached skill level 1 in Evocations
 11335 | Lair:1   | Killed Sonja
 11899 | Lair:1   | Reached skill level 1 in Ice Magic
 11930 | Lair:2   | Reached ***** piety under Hepliaklqana
 12661 | Lair:2   | Learned a level 3 spell: Regeneration
 12899 | Lair:3   | Noticed Urug
 12921 | Lair:3   | Killed Urug
 12921 | Lair:3   | Reached skill level 1 in Necromancy
 12977 | Lair:3   | Found a dark tunnel.
 12977 | Lair:3   | Noticed a lindwurm
 12985 | Lair:3   | Killed a lindwurm
 12985 | Lair:3   | Reached XP level 12. HP: 76/76 MP: 22/22
 12992 | Volcano  | Entered a volcano
 13341 | Volcano  | Found a radiant altar of Vehumet.
 13341 | Volcano  | Noticed a centaur warrior
 13350 | Volcano  | Killed a centaur warrior
 13350 | Volcano  | Reached skill level 13 in Stealth
 13354 | Volcano  | Slain by a centaur

Skill      XL: |  1  2  3  4  5  6  7  8  9 10 11 12 |
---------------+-------------------------------------+-----
Stealth        | 3 4 6 7 9 11 12 13 | 13.0
Fighting       | 1 2 3 5 6 7 9 |  9.2
Short Blades   | 1 2 4 5 6 8 |  8.5
Dodging        | 3 5 6 |  6.2
Spellcasting   | 4 6 7 |  7.2
Conjurations   | 2 4 |  4.8
Air Magic      | 1 2 |  2.0
Poison Magic   | 1 |  1.0
Evocations     | 1 |  1.2
Ice Magic      | 2 |  2.1
Necromancy     | 1 2 |  2.2
Charms         | |  0.4
Summonings     | |  1.0
Translocations | |  1.0
Fire Magic     | |  0.6

Action                   |  1- 3 |  4- 6 |  7- 9 | 10-12 || total
-------------------------+-------+-------+-------+-------++-------
Melee: Unarmed           |    19 |       |       |       ||    19
       Constrict         |    20 |    14 |    33 |    30 ||    97
       Tentacles         |    11 |    13 |    26 |    29 ||    79
       Short sword       |    52 |    79 |   135 |       ||   266
       Rapier            |       |       |    37 |   207 ||   244
 Cast: Magic Dart        |    37 |    20 |    42 |    57 ||   156
       Call Imp          |     1 |     3 |     3 |     4 ||    11
       Mephitic Cloud    |       |     3 |    10 |    10 ||    23
       Conjure Flame     |       |       |     5 |     3 ||     8
       Blink             |       |       |     2 |     5 ||     7
       Ozocubu's Armour  |       |       |       |     1 ||     1
Invok: Recall Ancestor   |     1 |       |       |     1 ||     2
       Ancestor Identity |     1 |       |       |       ||     1
       Ancestor Life: He |       |     1 |       |       ||     1
       Transference      |       |       |       |     1 ||     1
Evoke: Wand              |       |       |       |     3 ||     3
  Use: Scroll            |       |       |    10 |     9 ||    19
       Potion            |       |       |     3 |     8 ||    11
 Stab: Sleeping          |     6 |    14 |    17 |    17 ||    54
       Confused          |       |     2 |     3 |     5 ||    10
       Distracted        |       |       |     1 |       ||     1
  Eat: Chunk             |     2 |     6 |    10 |     9 ||    27
       Meat ration       |       |       |     1 |     2 ||     3
Armor: Skin              |     5 |       |     6 |     6 ||    17
Dodge: Dodged            |    51 |    40 |   104 |   160 ||   355
